 Dungeon Crawl Stone Soup version 0.17.0-24-gcfadda4 (console) character file.

21 gw the Cudgeler (level 2, -1/29 HPs)
             Began as an Ogre Warper on Nov 17, 2015.
             Slain by a kobold
             ... wielding a +1 whip of electrocution
              (16 damage)
             ... on level 1 of the Dungeon.
             The game lasted 00:00:19 (394 turns).

gw the Cudgeler (Ogre Warper)                        Turns: 394, Time: 00:00:19

Health: -1/29      AC:  3    Str: 15    XL:     2   Next: 83%
Magic:  1/5        EV: 10    Int: 12    God:
Gold:   14         SH:  0    Dex:  9    Spells: 3 memorised, 1 level left

rFire  . . .     SeeInvis .     a - +0 mace
rCold  . . .     Clarity  .     b - +0 robe
rNeg   . . .     SustAt   .     (no shield)
rPois  .         Gourm    .     (helmet restricted)
rElec  .         Spirit   .     (no cloak)
rCorr  .         Warding  .     (gloves unavailable)
rMut   .         Stasis   .     (boots unavailable)
MR     .....                    (no amulet)
Stlth  +.........               (no ring)
                                (no ring)

@: not resistant to hostile enchantments, very unstealthy
A: unfitting armour, tough skin 1
a: no special abilities


You were on level 1 of the Dungeon.
You were not hungry.

You visited 1 branch of the dungeon, and saw 1 of its levels.

You collected 14 gold pieces.

Inventory:

Hand Weapons
 a - a +0 mace (weapon)
Missiles
 g - 22 stones (quivered)
Armour
 b - a +0 robe (worn)
Scrolls
 d - a scroll of blinking
 e - a scroll of remove curse {unknown}
 h - a scroll of identify {unknown}
Books
 c - a book of Spatial Translocations

   Spells                             Type                      Level
   a - Apportation                    Translocation                1
   b - Blink                          Translocation                2
   c - Shroud of Golubria             Charms/Translocation         2
   d - Portal Projectile              Translocation                3
   e - Teleport Other                 Translocation                3
   f - Passage of Golubria            Translocation                4
Comestibles
 f - a bread ration


   Skills:
 + Level 2.8 Fighting
 + Level 2.9 Maces & Flails
 + Level 1.4 Throwing
 + Level 2.3 Dodging
 + Level 2.8 Spellcasting
 * Level 2.3 Translocations


You had one spell level left.
You knew the following spells:

 Your Spells              Type           Power        Failure   Level  Hunger
a - Apportation           Tloc           #.........   12%         1    #......
b - Blink                 Tloc           N/A          14%         2    ###....
c - Shroud of Golubria    Chrm/Tloc      #.........   28%         2    ###....


Dungeon Overview and Level Annotations

Branches:
Dungeon (1/15)

Altars:


Innate Abilities, Weirdness & Mutations

You are too large for most types of armour.
You have tough skin (AC +1).


Message History

Your shroud falls apart!
Eat which item? (? for menu, Esc to quit)
You don't have any such object.
Eat which item? (? for menu, Esc to quit)
You can't eat that!
MOVING TO (0,-7)
The bat barely misses you. The bat completely misses you.
The kobold hits you with a whip of electrocution.
The goblin closely misses you.
Trying to move but square is occupied??
Making a random move The bat hits you but does no damage.
The kobold hits you with a whip of electrocution.
A hobgoblin comes into view.
MOVING TO (1,-5)
The hobgoblin shouts!
The kobold hits you with a whip of electrocution.
You are electrocuted!
Ouch! That really hurt!
You die...

######.#...#...#
.......###.#.####.$#
######.# #...# #..# #.#
##### #..# ######.######
#.. ............# #.#
#####..####%# ###.###
#..# ##%###.....#
#..###..#%..O...##.#.#
.............Kb......#
.#.#.#.#.....#g.#....##
..#.#.#.#.....#..#...g...
.. #. #.##...##.###....#.
# #...#..# ......
##.##.## #...#. #.#..
.).. ###.#


You could see a hobgoblin, a goblin, a bat and a kobold.

Table legend:
 A = Turns spent in this place as a percentage of turns spent in the entire game.
 B = Non-inter-level travel turns spent in this place as a percentage of non-inter-level travel turns spent in the entire game.
 C = Inter-level travel turns spent in this place as a percentage of turns spent in this place.
 D = Turns resting spent in this place as a percentage of non-inter-level travel turns spent in this place.
 E = Turns spent auto-exploring this place as a percentage of non-inter-level travel turns spent in this place.
 F = Non-inter-level travel turns spent in this place divided by the number of levels of this place that you've seen.
                   A       B       C       D       E      F
               +-------+-------+-------+-------+-------+----------------------
         Total | 100.0 | 100.0 |   0.0 |   2.5 |   2.7 | 407.0
       Dungeon | 100.0 | 100.0 |   0.0 |   2.5 |   2.7 | 407.0
               +-------+-------+-------+-------+-------+----------------------

Table legend:
 A = Kills in this place as a percentage of kills in entire the game.
 B = Kills by you in this place as a percentage of kills by you in the entire game.
 C = Kills by friends in this place as a percentage of kills by friends in the entire game.
 D = Other kills in this place as a percentage of other kills in the entire game.
 E = Experience gained in this place as a percentage of experience gained in the entire game.
 F = Experience gained in this place divided by the number of levels of this place that you have seen.
                   A       B       C       D       E      F
               +-------+-------+-------+-------+-------+----------------------
         Total | 100.0 | 100.0 |  -nan |  -nan | 100.0 |  30.0
       Dungeon | 100.0 | 100.0 |  -nan |  -nan | 100.0 |  30.0
               +-------+-------+-------+-------+-------+----------------------

Vanquished Creatures
  A gnoll (D:1)
  An ooze (D:1)
  A jackal (D:1)
  2 giant cockroaches (D:1)
  A giant newt (D:1)
  A goblin (D:1)
  A rat (D:1)
8 creatures vanquished.

Notes
Turn   | Place    | Note
--------------------------------------------------------------
     0 | D:1      | gw the Ogre Warper began the quest for the Orb.
     0 | D:1      | Reached XP level 1. HP: 22/22 MP: 3/3
    62 | D:1      | Reached XP level 2. HP: 11/29 MP: 5/5
   260 | D:1      | Learned a level 2 spell: Blink
   263 | D:1      | Learned a level 2 spell: Shroud of Golubria
   394 | D:1      | Slain by a kobold

Action                   || total
-------------------------++-------
Melee: Mace              ||    12
Throw: Tomahawk          ||     5
       Stone             ||     3
 Cast: Shroud of Golubri ||     3
 Stab: Sleeping          ||     1

Vault maps used:
D:1:      eino_arrival_cavern_e, solitary_fountain, minmay_unequal
